Mulligans vs Senators
(R1)
Created - February 20, 2021 at 20:22
Goals
|
| Mulligans |
1 |
2 |
1 |
0 |
4 |
| Senators |
1 |
1 |
2 |
1 |
5 |
|
Shots
|
| Mulligans |
9 |
9 |
13 |
0 |
31 |
| Senators |
12 |
14 |
5 |
1 |
32 |
|
1st period
1. Senators , Nick Foligno 26 (Jonathan Ferland 40, Jordan Schroeder 21) at 1:55 (PP)
2. Mulligans , Sam Bennett 16 (Joonas Donskoi 14, Logan Shaw 35) at 18:46 (PP)
Penalties :
Ilya Lyubushkin (Rep) for Tripping (Minor) at 1:07, Robby Fabbri (Rep) for Hooking (Minor) at 9:52, Mason Geertsen (BIN) for Interference (Minor) at 18:19, Logan Shaw (Rep) for Hooking (Minor) at 19:58
2nd period
3. Senators , Kevin Rooney 9 (Zemgus Girgensons 11) at 1:11 (PP)
4. Mulligans , Joonas Donskoi 19 (Sam Bennett 18) at 1:59
5. Mulligans , Sam Bennett 17 (Joonas Donskoi 15, Robby Fabbri 17) at 2:47
Penalties :
Jack Dougherty (BIN) for High sticking (Minor) at 3:50, Nick Foligno (BIN) for Interference (Minor) at 8:16, Sven Baertschi (Rep) for Roughing (Minor) at 19:25
3rd period
6. Senators , Zachary Sanford 21 (Dylan Blujus 16) at 9:06
7. Mulligans , Sam Bennett 18 (Sven Baertschi 20, Ben Hutton 27) at 14:45
8. Senators , Jonathan Ferland 34 (Keegan Lowe 28) at 19:15
Penalties :
Adam Ollas-Mattsson (BIN) for Tripping (Minor) at 5:07, Ilya Lyubushkin (Rep) for Hooking (Minor) at 12:23, Adam Ollas-Mattsson (BIN) for Tripping (Minor) at 16:49
Overtime #1
9. Senators , Nick Foligno 27 (Jonathan Ferland 41) at 0:12 (PP)
Penalties :
Ben Hutton (Rep) for Hooking (Minor) at 0:03
Goalie Stats
Calvin Pickard (Rep), 27 saves from 32 shots - (0.844), OTL, 14-21-2, 60:12 minutes
Justin Peters (BIN), 27 saves from 31 shots - (0.871), W, 21-21-3, 60:12 minutes
Players Stats for Mulligans
Player Name G A P +/- PIM S H SB GA TA FO MP PP MP PK MP
------------------------------------------------------------------------------------
Anton Lander 0 0 0 -1 0 4 2 0 0 0 23/40 25:50 4:20 5:08
Ben Hutton 0 1 1 0 2 4 4 1 1 2 0/0 29:16 4:44 4:46
Brandon Carlo 0 0 0 0 0 2 3 1 0 0 0/0 30:24 4:52 4:40
Brett Seney 0 0 0 0 0 1 0 1 0 0 0/0 6:47 0:00 0:00
Christian Wolanin 0 0 0 0 0 1 0 0 0 0 0/0 14:40 0:10 2:18
Conor Garland 0 0 0 0 0 0 0 0 0 0 0/0 7:07 0:05 0:00
Cristiano Digiacinto 0 0 0 -1 0 0 1 0 0 0 0/1 3:41 0:05 0:00
Dalton Thrower 0 0 0 1 0 0 0 1 0 1 0/0 9:51 0:58 1:48
Darren Dietz 0 0 0 0 0 0 0 0 0 0 0/0 1:17 0:00 0:43
Ilya Lyubushkin 0 0 0 2 4 0 3 0 0 1 0/0 20:30 3:39 1:57
Jonny Brodzinski 0 0 0 0 0 2 1 0 0 0 0/2 9:56 0:00 0:00
Joonas Donskoi 1 2 3 2 0 2 3 0 0 0 0/0 17:24 3:58 0:00
Logan Shaw 0 1 1 -1 2 4 1 0 2 0 1/2 20:49 4:20 4:00
Maxime Macenauer 0 0 0 0 0 0 0 0 0 0 1/1 0:25 0:00 0:25
Reid Boucher 0 0 0 -1 0 1 1 0 0 1 0/0 12:15 0:00 1:53
Robbie Russo 0 0 0 0 0 1 0 0 0 0 0/0 14:46 2:23 0:00
Robby Fabbri 0 1 1 2 2 1 1 0 0 0 7/16 17:23 3:58 0:00
Sam Bennett 3 1 4 3 0 4 2 0 0 0 0/0 20:05 3:58 2:18
Sven Baertschi 0 1 1 0 2 2 2 0 0 0 5/6 19:28 4:20 2:20
Valeri Nichushkin 0 0 0 -1 0 2 1 0 0 0 0/0 10:42 0:05 0:00
Players Stats for Senators
Player Name G A P +/- PIM S H SB GA TA FO MP PP MP PK MP
------------------------------------------------------------------------------------
A.J. Jenks 0 0 0 0 0 1 0 0 1 0 0/0 7:19 0:00 0:00
Adam Ollas-Mattsson 0 0 0 1 4 2 0 0 0 0 0/0 11:27 0:00 0:48
Anthony Richard 0 0 0 0 0 0 0 1 0 0 2/2 7:19 0:00 0:00
Blake Coleman 0 0 0 0 0 0 0 0 0 0 0/0 0:00 0:00 0:00
Branden Troock 0 0 0 0 0 0 0 0 0 0 0/0 0:00 0:00 0:00
Brett Bulmer 0 0 0 0 0 1 1 0 0 0 0/0 7:19 0:00 0:00
Chandler Stephenson 0 0 0 1 0 0 1 1 0 0 2/6 10:08 0:00 0:00
Dylan Blujus 0 1 1 -1 0 1 1 0 0 0 0/0 27:48 4:44 5:01
Grant Besse 0 0 0 1 0 2 0 0 0 1 1/1 10:08 0:00 0:00
Jack Dougherty 0 0 0 -1 2 1 0 2 0 0 0/0 18:52 3:14 2:34
Jake Evans 0 0 0 0 0 0 0 0 0 0 0/0 0:00 0:00 0:00
Joel Eriksson Ek 0 0 0 0 0 0 0 0 0 0 0/0 1:26 0:00 1:26
Jonathan Ferland 1 2 3 -1 0 3 0 2 0 0 6/11 23:59 5:10 4:48
Joonas Lyytinen 0 0 0 1 0 1 0 0 0 0 0/0 9:38 0:00 0:00
Jordan Schroeder 0 1 1 -1 0 1 2 1 0 1 13/38 19:46 5:10 0:48
Keegan Lowe 0 1 1 -1 0 0 0 3 0 1 0/0 30:34 4:44 5:01
Kevin Rooney 1 0 1 -1 0 2 2 0 1 0 5/8 14:32 2:48 0:04
Kyle Connor 0 0 0 1 0 0 0 0 0 0 0/0 1:16 0:00 0:33
Mason Geertsen 0 0 0 0 2 0 0 0 0 0 0/0 2:45 0:00 0:00
Nick Foligno 2 0 2 -2 2 6 2 1 0 0 0/0 22:44 5:10 3:45
Philippe Myers 0 0 0 -1 0 0 1 0 0 0 0/0 20:00 3:14 3:22
Tomas Jurco 0 0 0 -1 0 2 1 0 1 0 1/1 16:53 2:48 1:58
Warren Foegele 0 0 0 0 0 0 0 0 0 0 0/0 0:00 0:00 0:00
Zachary Sanford 1 0 1 1 0 4 3 0 1 0 1/1 10:08 0:00 0:00
Zemgus Girgensons 0 1 1 -1 0 5 2 0 1 0 0/0 18:19 2:48 3:24
3 Stars
1 - Sam Bennett (Rep)
2 - Joonas Donskoi (Rep)
3 - Jonathan Ferland (BIN)
Power Play
Mulligans - 1 on 5 Attempt(s) - 20.00%
Senators - 3 on 6 Attempt(s) - 50.00%
Penalty Kill
Mulligans - 3 on 6 Attempt(s) - 50.00%
- Score 0 goal in Penalty Kill
Senators - 4 on 5 Attempt(s) - 80.00%
- Score 0 goal in Penalty Kill
Team Stat
Mulligans - Hits : 25 - Faceoff Wins : 37 - Blocked Shots : 4 - Penalty Minutes : 12
Senators - Hits : 16 - Faceoff Wins : 31 - Blocked Shots : 11 - Penalty Minutes : 10
Official
Referees : Unknown
Linesman : Unknown
Game Notes
Dalton Thrower is injured at 7:19 of 2nd period (Strained Left Elbow)
Sam Bennett has scored a Hat Trick!
Finance
Level 1 -- Attendance: 1668 (83.40%) -- Ticket Income $55,044
Level 2 -- Attendance: 969 (96.90%) -- Ticket Income $14,535
Total Attendance: 2637 (87.90%)
Total Ticket Income: $69,579
Other Income: $3,479
Total Income: $73,058
Mulligans
5 vs 5 Forward
Center Left Wing Right Wing Time % Phy DF OF
1 Anton Lander Sven Baertschi Logan Shaw 40 1 2 2
2 Robby Fabbri Sam Bennett Joonas Donskoi 30 1 2 2
3 Jonny Brodzinski Reid Boucher Valeri Nichushkin 20 1 2 2
4 Anton Lander Brett Seney Conor Garland 10 1 2 2
5 vs 5 Defense
Defense Defense Time % Phy DF OF
1 Ben Hutton Brandon Carlo 40 1 2 2
2 Dalton Thrower Ilya Lyubushkin 30 1 2 2
3 Robbie Russo Christian Wolanin 20 1 2 2
4 Ben Hutton Brandon Carlo 10 1 2 2
PowerPlay Forward
Center Left Wing Right Wing Time % Phy DF OF
1 Anton Lander Sven Baertschi Logan Shaw 60 1 2 2
2 Robby Fabbri Sam Bennett Joonas Donskoi 40 1 2 2
PowerPlay Defense
Defense Defense Time % Phy DF OF
1 Ben Hutton Brandon Carlo 60 1 2 2
2 Dalton Thrower Ilya Lyubushkin 40 1 2 2
Penalty Kill 4 Players Forward
Center Wing Time % Phy DF OF
1 Anton Lander Logan Shaw 60 1 2 2
2 Sven Baertschi Sam Bennett 40 1 2 2
Penalty Kill 4 Players Defense
Defense Defense Time % Phy DF OF
1 Ben Hutton Brandon Carlo 60 1 2 2
2 Dalton Thrower Ilya Lyubushkin 40 1 2 2
Penalty Kill - 3 Players Forward
Forward Time % Phy DF OF
1 Anton Lander 60 1 2 2
2 Logan Shaw 40 1 2 2
Penalty Kill - 3 Players Defense
Defense Defense Time % Phy DF OF
1 Ben Hutton Brandon Carlo 60 1 2 2
2 Dalton Thrower Ilya Lyubushkin 40 1 2 2
4 vs 4 Forward
Center Wing Time % Phy DF OF
1 Anton Lander Logan Shaw 60 1 2 2
2 Sven Baertschi Sam Bennett 40 1 2 2
4 vs 4 Defense
Defense Defense Time % Phy DF OF
1 Ben Hutton Brandon Carlo 60 1 2 2
2 Dalton Thrower Ilya Lyubushkin 40 1 2 2
Last Minutes Offensive
Center Left Wing Right Wing Defense Defense
Anton Lander Sven Baertschi Logan Shaw Ben Hutton Brandon Carlo
Last Minutes Defensive
Center Left Wing Right Wing Defense Defense
Anton Lander Sven Baertschi Logan Shaw Ben Hutton Brandon Carlo
Goaltenders
Starting : Calvin Pickard
Backup : Juuse Saros
Extra Forwards
Normal : Cristiano Digiacinto, Valeri Nichushkin, Reid Boucher - PP : Cristiano Digiacinto, Valeri Nichushkin - PK : Reid Boucher
Extra Defensemen
Normal : Robbie Russo, Christian Wolanin, Dalton Thrower - PP : Robbie Russo - PK : Christian Wolanin, Dalton Thrower
Penalty Shots
Anton Lander, Logan Shaw, Sven Baertschi, Sam Bennett, Joonas Donskoi
Scratches
None
Senators
5 vs 5 Forward
Center Left Wing Right Wing Time % Phy DF OF
1 Jordan Schroeder Nick Foligno Jonathan Ferland 40 1 2 2
2 Kevin Rooney Zemgus Girgensons Tomas Jurco 30 1 2 2
3 Chandler Stephenson Zachary Sanford Grant Besse 20 1 2 2
4 Anthony Richard A.J. Jenks Brett Bulmer 10 1 2 2
5 vs 5 Defense
Defense Defense Time % Phy DF OF
1 Keegan Lowe Dylan Blujus 40 1 2 2
2 Jack Dougherty Philippe Myers 30 1 2 2
3 Joonas Lyytinen Adam Ollas-Mattsson 20 1 2 2
4 Mason Geertsen Keegan Lowe 10 1 2 2
PowerPlay Forward
Center Left Wing Right Wing Time % Phy DF OF
1 Jordan Schroeder Nick Foligno Jonathan Ferland 60 1 2 2
2 Kevin Rooney Zemgus Girgensons Tomas Jurco 40 1 2 2
PowerPlay Defense
Defense Defense Time % Phy DF OF
1 Keegan Lowe Dylan Blujus 60 1 2 2
2 Jack Dougherty Philippe Myers 40 1 2 2
Penalty Kill 4 Players Forward
Center Wing Time % Phy DF OF
1 Jonathan Ferland Nick Foligno 60 1 2 2
2 Tomas Jurco Zemgus Girgensons 40 1 2 2
Penalty Kill 4 Players Defense
Defense Defense Time % Phy DF OF
1 Keegan Lowe Dylan Blujus 60 1 2 2
2 Jack Dougherty Philippe Myers 40 1 2 2
Penalty Kill - 3 Players Forward
Forward Time % Phy DF OF
1 Jonathan Ferland 60 1 2 2
2 Nick Foligno 40 1 2 2
Penalty Kill - 3 Players Defense
Defense Defense Time % Phy DF OF
1 Keegan Lowe Dylan Blujus 60 1 2 2
2 Jack Dougherty Philippe Myers 40 1 2 2
4 vs 4 Forward
Center Wing Time % Phy DF OF
1 Jonathan Ferland Nick Foligno 60 1 2 2
2 Tomas Jurco Zemgus Girgensons 40 1 2 2
4 vs 4 Defense
Defense Defense Time % Phy DF OF
1 Keegan Lowe Dylan Blujus 60 1 2 2
2 Jack Dougherty Philippe Myers 40 1 2 2
Last Minutes Offensive
Center Left Wing Right Wing Defense Defense
Jordan Schroeder Nick Foligno Jonathan Ferland Keegan Lowe Dylan Blujus
Last Minutes Defensive
Center Left Wing Right Wing Defense Defense
Jordan Schroeder Nick Foligno Jonathan Ferland Keegan Lowe Dylan Blujus
Goaltenders
Starting : Justin Peters
Backup : Sami Aittokallio
Extra Forwards
Normal : Kyle Connor, Jake Evans, Joel Eriksson Ek - PP : Kyle Connor, Jake Evans - PK : Joel Eriksson Ek
Extra Defensemen
Normal : Joonas Lyytinen, Adam Ollas-Mattsson, Mason Geertsen - PP : Joonas Lyytinen - PK : Adam Ollas-Mattsson, Mason Geertsen
Penalty Shots
Jonathan Ferland, Nick Foligno, Tomas Jurco, Zemgus Girgensons, Zachary Sanford
Scratches
Zach Nastasiuk (Healthy), Jonas Siegenthaler (Healthy), Scott Harrington (Healthy), Nathan Gerbe (Healthy), Gustav Forsling (Healthy)
Eric Mestery (Healthy), Maxim Letunov (Healthy), Pontus Sjalin (Healthy), Keven Bouchard (Healthy)
% Time on Ice - Mulligans
Lines # - Real PCT - Wanted PCT - Time Play
Normal Forward
1 - 29% - 40% - 12:41
2 - 32% - 30% - 13:49
3 - 23% - 20% - 9:56
4 - 16% - 10% - 6:47
Normal Defense
1 - 38% - 40% - 16:35
2 - 36% - 30% - 15:32
3 - 23% - 20% - 9:49
4 - 3% - 10% - 1:17
PP Forward
1 - 53% - 60% - 4:25
2 - 47% - 40% - 3:58
PP Defense
1 - 56% - 60% - 4:44
2 - 44% - 40% - 3:39
PK Forward
1 - 71% - 60% - 5:40
2 - 29% - 40% - 2:18
PK Defense
1 - 60% - 60% - 4:46
2 - 40% - 40% - 3:12
PK3 Forward
1 - 100% - 60% - 0:08
2 - 0% - 40% - 0:00
PK3 Defense
1 - 100% - 60% - 0:08
2 - 0% - 40% - 0:00
44 Forward
1 - 100% - 60% - 0:04
2 - 0% - 40% - 0:00
44 Defense
1 - 100% - 60% - 0:04
2 - 0% - 40% - 0:00
Last Minute Offensive - 0:00
Last Minute Defensive - 0:26
Total
Forward - 60:12
Defense - 60:12
|
% Time on Ice - Senators
Lines # - Real PCT - Wanted PCT - Time Play
Normal Forward
1 - 32% - 40% - 13:38
2 - 28% - 30% - 12:07
3 - 23% - 20% - 10:08
4 - 17% - 10% - 7:19
Normal Defense
1 - 41% - 40% - 17:33
2 - 31% - 30% - 13:15
3 - 22% - 20% - 9:38
4 - 6% - 10% - 2:46
PP Forward
1 - 65% - 60% - 5:10
2 - 35% - 40% - 2:48
PP Defense
1 - 59% - 60% - 4:44
2 - 41% - 40% - 3:14
PK Forward
1 - 77% - 60% - 6:25
2 - 23% - 40% - 1:58
PK Defense
1 - 60% - 60% - 5:01
2 - 40% - 40% - 3:22
PK3 Forward
1 - 0% - 60%
2 - 0% - 40%
PK3 Defense
1 - 0% - 60%
2 - 0% - 40%
44 Forward
1 - 100% - 60% - 0:12
2 - 0% - 40% - 0:00
44 Defense
1 - 100% - 60% - 0:12
2 - 0% - 40% - 0:00
Last Minute Offensive - 0:27
Last Minute Defensive - 0:00
Total
Forward - 60:12
Defense - 60:12
|
Play-by-Play
1st period
0:01 of 1st period - Sven Baertschi wins face-off versus Jordan Schroeder in neutral zone.
0:26 of 1st period - Zemgus Girgensons is hit by Sam Bennett and loses puck.
0:53 of 1st period - Ben Hutton is hit by Zachary Sanford and loses puck.
1:07 of 1st period - Minor Penalty to Ilya Lyubushkin for Tripping.
1:08 of 1st period - Jordan Schroeder wins face-off versus Anton Lander in Mulligans zone.
1:12 of 1st period - Slapshot by Jordan Schroeder.
1:12 of 1st period - Stopped by Calvin Pickard with a rebound.
1:14 of 1st period - Wrist shot by Nick Foligno.
1:14 of 1st period - Stopped by Calvin Pickard without a rebound.
1:15 of 1st period - Jordan Schroeder wins face-off versus Anton Lander in Mulligans zone.
1:39 of 1st period - Icing by Dylan Blujus.
1:40 of 1st period - Jordan Schroeder wins face-off versus Sven Baertschi in Senators zone.
1:55 of 1st period - Snap shot by Nick Foligno.
1:55 of 1st period - Goal by Nick Foligno - Mulligans : 0 - Senators : 1.
1:56 of 1st period - Anton Lander wins face-off versus Jordan Schroeder in neutral zone.
2:07 of 1st period - Wrist shot by Logan Shaw.
2:07 of 1st period - Shot Blocked by Jonathan Ferland.
2:09 of 1st period - Slapshot by Robbie Russo.
2:09 of 1st period - Stopped by Justin Peters with a rebound.
2:11 of 1st period - Slapshot by Robbie Russo.
2:11 of 1st period - Shot Blocked by Jordan Schroeder.
2:23 of 1st period - Dylan Blujus is hit by Joonas Donskoi and loses puck.
3:03 of 1st period - Off-side.
3:04 of 1st period - Anton Lander wins face-off versus Chandler Stephenson in neutral zone.
3:09 of 1st period - Snap shot by Anton Lander.
3:09 of 1st period - Shot Blocked by Chandler Stephenson.
3:11 of 1st period - Slapshot by Anton Lander.
3:11 of 1st period - Stopped by Justin Peters with a rebound.
3:15 of 1st period - Wrist shot by Anton Lander.
3:15 of 1st period - Shot Misses the Net.
3:29 of 1st period - Brandon Carlo is hit by Nick Foligno.
3:38 of 1st period - Off-side.
3:39 of 1st period - Kevin Rooney wins face-off versus Anton Lander in neutral zone.
3:46 of 1st period - Slapshot by Zemgus Girgensons.
3:46 of 1st period - Stopped by Calvin Pickard without a rebound.
3:47 of 1st period - Kevin Rooney wins face-off versus Anton Lander in Mulligans zone.
4:25 of 1st period - Snap shot by Sven Baertschi.
4:25 of 1st period - Stopped by Justin Peters without a rebound.
4:26 of 1st period - Robby Fabbri wins face-off versus Jordan Schroeder in Senators zone.
4:30 of 1st period - Icing by Keegan Lowe.
4:31 of 1st period - Jonathan Ferland wins face-off versus Robby Fabbri in Senators zone.
4:47 of 1st period - Snap shot by Nick Foligno.
4:47 of 1st period - Deflect By Jonathan Ferland.
4:47 of 1st period - Stopped by Calvin Pickard without a rebound.
4:48 of 1st period - Chandler Stephenson wins face-off versus Anton Lander in Mulligans zone.
4:49 of 1st period - Snap shot by Zachary Sanford.
4:49 of 1st period - Stopped by Calvin Pickard without a rebound.
4:50 of 1st period - Grant Besse wins face-off versus Anton Lander in Mulligans zone.
4:55 of 1st period - Snap shot by Grant Besse.
4:55 of 1st period - Shot Misses the Net.
5:03 of 1st period - Zachary Sanford is hit by Ben Hutton and loses puck.
5:26 of 1st period - Slapshot by Jonny Brodzinski.
5:26 of 1st period - Shot Misses the Net.
5:44 of 1st period - Backhand shot by Zemgus Girgensons.
5:44 of 1st period - Stopped by Calvin Pickard without a rebound.
5:45 of 1st period - Anthony Richard wins face-off versus Anton Lander in Mulligans zone.
5:52 of 1st period - A.J. Jenks is hit by Anton Lander and loses puck.
6:15 of 1st period - Wrist shot by Nick Foligno.
6:15 of 1st period - Stopped by Calvin Pickard with a rebound.
6:35 of 1st period - Wrist shot by Tomas Jurco.
6:35 of 1st period - Shot Misses the Net.
6:41 of 1st period - Snap shot by Reid Boucher.
6:41 of 1st period - Stopped by Justin Peters without a rebound.
6:42 of 1st period - Anton Lander wins face-off versus Jordan Schroeder in Senators zone.
7:29 of 1st period - Snap shot by Zemgus Girgensons.
7:29 of 1st period - Stopped by Calvin Pickard with a rebound.
8:31 of 1st period - Joonas Lyytinen is hit by Sven Baertschi and loses puck.
8:50 of 1st period - Adam Ollas-Mattsson is hit by Jonny Brodzinski and loses puck.
9:52 of 1st period - Minor Penalty to Robby Fabbri for Hooking.
9:53 of 1st period - Anton Lander wins face-off versus Jordan Schroeder in Mulligans zone.
10:19 of 1st period - Logan Shaw is hit by Kevin Rooney and loses puck.
10:26 of 1st period - Wrist shot by Zemgus Girgensons.
10:26 of 1st period - Shot Misses the Net.
10:28 of 1st period - Wrist shot by Keegan Lowe.
10:28 of 1st period - Deflect By Tomas Jurco.
10:28 of 1st period - Stopped by Calvin Pickard with a rebound.
11:41 of 1st period - Maxime Macenauer is hit by Philippe Myers and loses puck.
11:52 of 1st period - Penalty to Robby Fabbri is over, Robby Fabbri is back on ice.
12:04 of 1st period - Joonas Lyytinen is hit by Sam Bennett and loses puck.
14:08 of 1st period - Off-side.
14:09 of 1st period - Anton Lander wins face-off versus Chandler Stephenson in neutral zone.
14:16 of 1st period - Wrist shot by Zachary Sanford.
14:16 of 1st period - Stopped by Calvin Pickard without a rebound.
14:17 of 1st period - Robby Fabbri wins face-off versus Jordan Schroeder in Mulligans zone.
14:32 of 1st period - Snap shot by Jonathan Ferland.
14:32 of 1st period - Shot Blocked by Dalton Thrower.
14:42 of 1st period - Joonas Donskoi is hit by Zachary Sanford and loses puck.
14:55 of 1st period - Slapshot by Chandler Stephenson.
14:55 of 1st period - Shot Hit the Post.
16:47 of 1st period - Nick Foligno is hit by Ilya Lyubushkin and loses puck.
17:00 of 1st period - Dylan Blujus is hit by Anton Lander and loses puck.
17:48 of 1st period - Snap shot by Zemgus Girgensons.
17:48 of 1st period - Shot Blocked by Brett Seney.
18:19 of 1st period - Minor Penalty to Mason Geertsen for Interference.
18:20 of 1st period - Jonathan Ferland wins face-off versus Anton Lander in Senators zone.
18:46 of 1st period - Wrist shot by Sam Bennett.
18:46 of 1st period - Deflect By Jonathan Ferland.
18:46 of 1st period - Goal by Sam Bennett - Mulligans : 1 - Senators : 1.
18:47 of 1st period - Jordan Schroeder wins face-off versus Logan Shaw in neutral zone.
18:49 of 1st period - Off-side.
18:50 of 1st period - Jordan Schroeder wins face-off versus Anton Lander in neutral zone.
19:01 of 1st period - Slapshot by Logan Shaw.
19:01 of 1st period - Stopped by Justin Peters without a rebound.
19:02 of 1st period - Anton Lander wins face-off versus Jordan Schroeder in Senators zone.
19:03 of 1st period - Slapshot by Logan Shaw.
19:03 of 1st period - Shot Misses the Net.
19:05 of 1st period - Slapshot by Ben Hutton.
19:05 of 1st period - Stopped by Justin Peters without a rebound.
19:06 of 1st period - Anton Lander wins face-off versus Jordan Schroeder in Senators zone.
19:09 of 1st period - Snap shot by Sven Baertschi.
19:09 of 1st period - Stopped by Justin Peters with a rebound.
19:11 of 1st period - Snap shot by Sven Baertschi.
19:11 of 1st period - Shot Misses the Net.
19:13 of 1st period - Backhand shot by Ben Hutton.
19:13 of 1st period - Deflect By Keegan Lowe.
19:13 of 1st period - Stopped by Justin Peters with a rebound.
19:17 of 1st period - Wrist shot by Anton Lander.
19:17 of 1st period - Shot Misses the Net.
19:43 of 1st period - Wrist shot by Zachary Sanford.
19:43 of 1st period - Deflect By Grant Besse.
19:43 of 1st period - Stopped by Calvin Pickard with a rebound.
19:58 of 1st period - Minor Penalty to Logan Shaw for Hooking.
19:59 of 1st period - Anton Lander wins face-off versus Jordan Schroeder in Mulligans zone.
Goals for this period are 1 for Mulligans vs 1 for Senators.
Shots for this period are 9 for Mulligans vs 12 for Senators.
2nd period
0:01 of 2nd period - Anton Lander wins face-off versus Jordan Schroeder in neutral zone.
0:16 of 2nd period - Slapshot by Keegan Lowe.
0:16 of 2nd period - Shot Blocked by Brandon Carlo.
0:35 of 2nd period - Slapshot by Keegan Lowe.
0:35 of 2nd period - Shot Misses the Net.
0:44 of 2nd period - Off-side.
0:45 of 2nd period - Maxime Macenauer wins face-off versus Jordan Schroeder in neutral zone.
0:54 of 2nd period - Jack Dougherty is hit by Ben Hutton and loses puck.
1:09 of 2nd period - Snap shot by Zemgus Girgensons.
1:09 of 2nd period - Shot Misses the Net.
1:11 of 2nd period - Wrist shot by Kevin Rooney.
1:11 of 2nd period - Deflect By Ben Hutton.
1:11 of 2nd period - Goal by Kevin Rooney - Mulligans : 1 - Senators : 2.
1:12 of 2nd period - Anton Lander wins face-off versus Jordan Schroeder in neutral zone.
1:15 of 2nd period - Wrist shot by Logan Shaw.
1:15 of 2nd period - Stopped by Justin Peters without a rebound.
1:16 of 2nd period - Jonathan Ferland wins face-off versus Anton Lander in Senators zone.
1:42 of 2nd period - Off-side.
1:43 of 2nd period - Kevin Rooney wins face-off versus Robby Fabbri in neutral zone.
1:46 of 2nd period - Slapshot by Tomas Jurco.
1:46 of 2nd period - Deflect By Ben Hutton.
1:46 of 2nd period - Shot Misses the Net.
1:46 of 2nd period - Puck is out of play.
1:47 of 2nd period - Robby Fabbri wins face-off versus Jordan Schroeder in Mulligans zone.
1:57 of 2nd period - Wrist shot by Sam Bennett.
1:57 of 2nd period - Shot Misses the Net.
1:59 of 2nd period - Slapshot by Joonas Donskoi.
1:59 of 2nd period - Goal by Joonas Donskoi - Mulligans : 2 - Senators : 2.
2:00 of 2nd period - Sven Baertschi wins face-off versus Jordan Schroeder in neutral zone.
2:33 of 2nd period - Icing by Tomas Jurco.
2:34 of 2nd period - Kevin Rooney wins face-off versus Robby Fabbri in Senators zone.
2:47 of 2nd period - Snap shot by Sam Bennett.
2:47 of 2nd period - Goal by Sam Bennett - Mulligans : 3 - Senators : 2.
2:48 of 2nd period - Anton Lander wins face-off versus Jordan Schroeder in neutral zone.
3:41 of 2nd period - Snap shot by Kevin Rooney.
3:41 of 2nd period - Stopped by Calvin Pickard without a rebound.
3:42 of 2nd period - Anton Lander wins face-off versus Kevin Rooney in Mulligans zone.
3:50 of 2nd period - Minor Penalty to Jack Dougherty for High sticking.
3:51 of 2nd period - Jonathan Ferland wins face-off versus Anton Lander in Senators zone.
3:56 of 2nd period - Icing by Anton Lander.
3:57 of 2nd period - Jonathan Ferland wins face-off versus Anton Lander in Mulligans zone.
4:31 of 2nd period - Off-side.
4:32 of 2nd period - Tomas Jurco wins face-off versus Robby Fabbri in neutral zone.
5:50 of 2nd period - Penalty to Jack Dougherty is over, Jack Dougherty is back on ice.
7:18 of 2nd period - Dalton Thrower is hit by Jordan Schroeder and loses puck.
7:19 of 2nd period - Dalton Thrower from Mulligans is injured at 7:19 of 2nd period (Strained Left Elbow).
7:20 of 2nd period - Jordan Schroeder wins face-off versus Anton Lander in Mulligans zone.
7:56 of 2nd period - Slapshot by Joonas Donskoi.
7:56 of 2nd period - Deflect By Robby Fabbri.
7:56 of 2nd period - Shot Blocked by Keegan Lowe.
7:56 of 2nd period - Puck is out of play.
7:57 of 2nd period - Jordan Schroeder wins face-off versus Robby Fabbri in Senators zone.
8:07 of 2nd period - Wrist shot by Sam Bennett.
8:07 of 2nd period - Stopped by Justin Peters without a rebound.
8:08 of 2nd period - Sven Baertschi wins face-off versus Jordan Schroeder in Senators zone.
8:16 of 2nd period - Minor Penalty to Nick Foligno for Interference.
8:17 of 2nd period - Jonathan Ferland wins face-off versus Anton Lander in Senators zone.
8:17 of 2nd period - Jonathan Ferland is hit by Sven Baertschi.
8:28 of 2nd period - Slapshot by Ben Hutton.
8:28 of 2nd period - Stopped by Justin Peters with a rebound.
8:42 of 2nd period - Ben Hutton is hit by Zemgus Girgensons and loses puck.
10:16 of 2nd period - Penalty to Nick Foligno is over, Nick Foligno is back on ice.
10:25 of 2nd period - Snap shot by Nick Foligno.
10:25 of 2nd period - Shot Misses the Net.
10:39 of 2nd period - Wrist shot by Chandler Stephenson.
10:39 of 2nd period - Shot Misses the Net.
11:47 of 2nd period - Slapshot by Anthony Richard.
11:47 of 2nd period - Shot Misses the Net.
11:49 of 2nd period - Slapshot by Adam Ollas-Mattsson.
11:49 of 2nd period - Stopped by Calvin Pickard with a rebound.
11:51 of 2nd period - Snap shot by A.J. Jenks.
11:51 of 2nd period - Stopped by Calvin Pickard without a rebound.
11:52 of 2nd period - Anthony Richard wins face-off versus Anton Lander in Mulligans zone.
11:59 of 2nd period - Slapshot by Anthony Richard.
11:59 of 2nd period - Shot Misses the Net.
12:09 of 2nd period - Snap shot by A.J. Jenks.
12:09 of 2nd period - Deflect By Brett Bulmer.
12:09 of 2nd period - Stopped by Calvin Pickard without a rebound.
12:10 of 2nd period - Jordan Schroeder wins face-off versus Robby Fabbri in Mulligans zone.
12:27 of 2nd period - Adam Ollas-Mattsson is hit by Ben Hutton and loses puck.
12:44 of 2nd period - Wrist shot by Tomas Jurco.
12:44 of 2nd period - Stopped by Calvin Pickard with a rebound.
14:09 of 2nd period - Slapshot by Joonas Donskoi.
14:09 of 2nd period - Shot Misses the Net.
14:38 of 2nd period - Slapshot by Jack Dougherty.
14:38 of 2nd period - Stopped by Calvin Pickard with a rebound.
15:58 of 2nd period - Slapshot by Grant Besse.
15:58 of 2nd period - Stopped by Calvin Pickard with a rebound.
16:00 of 2nd period - Snap shot by Zachary Sanford.
16:00 of 2nd period - Stopped by Calvin Pickard with a rebound.
16:02 of 2nd period - Snap shot by Adam Ollas-Mattsson.
16:02 of 2nd period - Stopped by Calvin Pickard with a rebound.
16:04 of 2nd period - Slapshot by Joonas Lyytinen.
16:04 of 2nd period - Stopped by Calvin Pickard with a rebound.
16:06 of 2nd period - Wrist shot by Adam Ollas-Mattsson.
16:06 of 2nd period - Shot Misses the Net.
16:22 of 2nd period - Joonas Donskoi is hit by Tomas Jurco.
16:34 of 2nd period - Sven Baertschi is hit by Brett Bulmer and loses puck.
17:06 of 2nd period - Conor Garland is hit by Zachary Sanford.
17:14 of 2nd period - Off-side.
17:15 of 2nd period - Jordan Schroeder wins face-off versus Robby Fabbri in neutral zone.
17:22 of 2nd period - Snap shot by Jonathan Ferland.
17:22 of 2nd period - Stopped by Calvin Pickard with a rebound.
17:41 of 2nd period - Wrist shot by Anton Lander.
17:41 of 2nd period - Stopped by Justin Peters with a rebound.
17:47 of 2nd period - Nick Foligno is hit by Logan Shaw and loses puck.
17:52 of 2nd period - Slapshot by Anton Lander.
17:52 of 2nd period - Deflect By Logan Shaw.
17:52 of 2nd period - Shot Blocked by Jack Dougherty.
17:52 of 2nd period - Puck is out of play.
17:53 of 2nd period - Robby Fabbri wins face-off versus Kevin Rooney in Senators zone.
18:02 of 2nd period - Snap shot by Dylan Blujus.
18:02 of 2nd period - Stopped by Calvin Pickard without a rebound.
18:03 of 2nd period - Kevin Rooney wins face-off versus Robby Fabbri in Mulligans zone.
18:12 of 2nd period - Wrist shot by Zemgus Girgensons.
18:12 of 2nd period - Stopped by Calvin Pickard with a rebound.
18:31 of 2nd period - Icing by Robby Fabbri.
18:32 of 2nd period - Robby Fabbri wins face-off versus Jordan Schroeder in Mulligans zone.
18:58 of 2nd period - Off-side.
18:59 of 2nd period - Anton Lander wins face-off versus Chandler Stephenson in neutral zone.
19:25 of 2nd period - Minor Penalty to Sven Baertschi for Roughing.
19:26 of 2nd period - Anton Lander wins face-off versus Jordan Schroeder in Mulligans zone.
19:26 of 2nd period - Anton Lander is hit by Nick Foligno.
19:35 of 2nd period - Slapshot by Anton Lander.
19:35 of 2nd period - Stopped by Justin Peters with a rebound.
19:37 of 2nd period - Slapshot by Brandon Carlo.
19:37 of 2nd period - Stopped by Justin Peters with a rebound.
19:39 of 2nd period - Slapshot by Ben Hutton.
19:39 of 2nd period - Shot Blocked by Nick Foligno.
19:41 of 2nd period - Slapshot by Brandon Carlo.
19:41 of 2nd period - Deflect By Anton Lander.
19:41 of 2nd period - Stopped by Justin Peters with a rebound.
Goals for this period are 2 for Mulligans vs 1 for Senators.
Shots for this period are 9 for Mulligans vs 14 for Senators.
3rd period
0:01 of 3rd period - Jordan Schroeder wins face-off versus Anton Lander in neutral zone.
0:36 of 3rd period - Reid Boucher is hit by Kevin Rooney and loses puck.
1:09 of 3rd period - Dylan Blujus is hit by Reid Boucher and loses puck.
1:25 of 3rd period - Penalty to Sven Baertschi is over, Sven Baertschi is back on ice.
3:01 of 3rd period - Brandon Carlo is hit by Jordan Schroeder and loses puck.
4:15 of 3rd period - Wrist shot by Brett Seney.
4:15 of 3rd period - Stopped by Justin Peters with a rebound.
4:36 of 3rd period - Philippe Myers is hit by Cristiano Digiacinto and loses puck.
4:41 of 3rd period - Slapshot by Ben Hutton.
4:41 of 3rd period - Shot Blocked by Anthony Richard.
4:43 of 3rd period - Backhand shot by Christian Wolanin.
4:43 of 3rd period - Stopped by Justin Peters with a rebound.
4:45 of 3rd period - Snap shot by Conor Garland.
4:45 of 3rd period - Deflect By Brett Seney.
4:45 of 3rd period - Shot Misses the Net.
4:45 of 3rd period - Puck is out of play.
4:46 of 3rd period - Robby Fabbri wins face-off versus Jordan Schroeder in Senators zone.
4:58 of 3rd period - Adam Ollas-Mattsson is hit by Joonas Donskoi and loses puck.
5:07 of 3rd period - Minor Penalty to Adam Ollas-Mattsson for Tripping.
5:08 of 3rd period - Anton Lander wins face-off versus Jonathan Ferland in Senators zone.
5:23 of 3rd period - Slapshot by Ben Hutton.
5:23 of 3rd period - Shot Blocked by Keegan Lowe.
5:56 of 3rd period - Slapshot by Robby Fabbri.
5:56 of 3rd period - Stopped by Justin Peters without a rebound.
5:57 of 3rd period - Anton Lander wins face-off versus Jonathan Ferland in Senators zone.
6:06 of 3rd period - Snap shot by Logan Shaw.
6:06 of 3rd period - Stopped by Justin Peters with a rebound.
6:08 of 3rd period - Snap shot by Robbie Russo.
6:08 of 3rd period - Shot Blocked by Jonathan Ferland.
6:10 of 3rd period - Wrist shot by Logan Shaw.
6:10 of 3rd period - Stopped by Justin Peters with a rebound.
6:12 of 3rd period - Backhand shot by Anton Lander.
6:12 of 3rd period - Shot Blocked by Jack Dougherty.
6:22 of 3rd period - Nick Foligno is hit by Robby Fabbri.
7:07 of 3rd period - Penalty to Adam Ollas-Mattsson is over, Adam Ollas-Mattsson is back on ice.
7:19 of 3rd period - Zachary Sanford is hit by Ilya Lyubushkin and loses puck.
8:31 of 3rd period - Jonny Brodzinski is hit by Zemgus Girgensons and loses puck.
9:02 of 3rd period - Conor Garland is hit by Chandler Stephenson.
9:06 of 3rd period - Wrist shot by Zachary Sanford.
9:06 of 3rd period - Goal by Zachary Sanford - Mulligans : 3 - Senators : 3.
9:07 of 3rd period - Anton Lander wins face-off versus Jordan Schroeder in neutral zone.
9:32 of 3rd period - Kevin Rooney is hit by Joonas Donskoi.
9:52 of 3rd period - Slapshot by Valeri Nichushkin.
9:52 of 3rd period - Shot Misses the Net.
9:54 of 3rd period - Wrist shot by Jonny Brodzinski.
9:54 of 3rd period - Stopped by Justin Peters without a rebound.
9:55 of 3rd period - Jordan Schroeder wins face-off versus Jonny Brodzinski in Senators zone.
9:55 of 3rd period - Jordan Schroeder is hit by Valeri Nichushkin.
10:05 of 3rd period - Snap shot by Nick Foligno.
10:05 of 3rd period - Stopped by Calvin Pickard without a rebound.
10:06 of 3rd period - Logan Shaw wins face-off versus Jordan Schroeder in Mulligans zone.
10:06 of 3rd period - Logan Shaw is hit by Dylan Blujus.
10:34 of 3rd period - Kevin Rooney is hit by Brandon Carlo and loses puck.
10:47 of 3rd period - Slapshot by Ben Hutton.
10:47 of 3rd period - Shot Blocked by Keegan Lowe.
11:06 of 3rd period - Snap shot by Jonny Brodzinski.
11:06 of 3rd period - Shot Misses the Net.
12:12 of 3rd period - Slapshot by Jack Dougherty.
12:12 of 3rd period - Shot Misses the Net.
12:23 of 3rd period - Minor Penalty to Ilya Lyubushkin for Hooking.
12:24 of 3rd period - Anton Lander wins face-off versus Jordan Schroeder in Mulligans zone.
12:32 of 3rd period - Slapshot by Philippe Myers.
12:32 of 3rd period - Deflect By Jordan Schroeder.
12:32 of 3rd period - Shot Misses the Net.
12:32 of 3rd period - Puck is out of play.
12:33 of 3rd period - Jordan Schroeder wins face-off versus Anton Lander in Mulligans zone.
12:40 of 3rd period - Wrist shot by Nick Foligno.
12:40 of 3rd period - Shot Blocked by Ben Hutton.
12:42 of 3rd period - Wrist shot by Nick Foligno.
12:42 of 3rd period - Stopped by Calvin Pickard without a rebound.
12:43 of 3rd period - Anton Lander wins face-off versus Jordan Schroeder in Mulligans zone.
13:37 of 3rd period - Icing by Jonathan Ferland.
13:38 of 3rd period - Sven Baertschi wins face-off versus Jordan Schroeder in Senators zone.
13:41 of 3rd period - Backhand shot by Sam Bennett.
13:41 of 3rd period - Shot Misses the Net.
14:03 of 3rd period - Snap shot by Zemgus Girgensons.
14:03 of 3rd period - Stopped by Calvin Pickard with a rebound.
14:14 of 3rd period - Icing by Keegan Lowe.
14:15 of 3rd period - Sven Baertschi wins face-off versus Jordan Schroeder in Senators zone.
14:22 of 3rd period - Jonathan Ferland is hit by Brandon Carlo and loses puck.
14:23 of 3rd period - Penalty to Ilya Lyubushkin is over, Ilya Lyubushkin is back on ice.
14:37 of 3rd period - Snap shot by Sven Baertschi.
14:37 of 3rd period - Shot Misses the Net.
14:39 of 3rd period - Wrist shot by Ben Hutton.
14:39 of 3rd period - Shot Misses the Net.
14:41 of 3rd period - Snap shot by Brandon Carlo.
14:41 of 3rd period - Stopped by Justin Peters with a rebound.
14:43 of 3rd period - Slapshot by Ben Hutton.
14:43 of 3rd period - Stopped by Justin Peters with a rebound.
14:45 of 3rd period - Snap shot by Sven Baertschi.
14:45 of 3rd period - Deflect By Sam Bennett.
14:45 of 3rd period - Goal by Sam Bennett - Mulligans : 4 - Senators : 3.
14:46 of 3rd period - Anton Lander wins face-off versus Kevin Rooney in neutral zone.
15:11 of 3rd period - Jack Dougherty is hit by Ben Hutton and loses puck.
15:22 of 3rd period - Slapshot by Valeri Nichushkin.
15:22 of 3rd period - Shot Misses the Net.
15:38 of 3rd period - Philippe Myers is hit by Ilya Lyubushkin and loses puck.
15:59 of 3rd period - Slapshot by Sven Baertschi.
15:59 of 3rd period - Shot Misses the Net.
16:49 of 3rd period - Minor Penalty to Adam Ollas-Mattsson for Tripping.
16:50 of 3rd period - Anton Lander wins face-off versus Jonathan Ferland in Senators zone.
18:49 of 3rd period - Penalty to Adam Ollas-Mattsson is over, Adam Ollas-Mattsson is back on ice.
18:55 of 3rd period - Slapshot by Ilya Lyubushkin.
18:55 of 3rd period - Shot Misses the Net.
18:57 of 3rd period - Wrist shot by Valeri Nichushkin.
18:57 of 3rd period - Stopped by Justin Peters without a rebound.
18:58 of 3rd period - Mario Lemieux call a timeout for Senators.
18:58 of 3rd period - Jordan Schroeder wins face-off versus Cristiano Digiacinto in Senators zone.
19:15 of 3rd period - Senators, Justin Peters is pulled from the net.
19:15 of 3rd period - Snap shot by Jonathan Ferland.
19:15 of 3rd period - Goal by Jonathan Ferland - Mulligans : 4 - Senators : 4.
19:15 of 3rd period - Justin Peters from Senators was sent back in the game.
19:16 of 3rd period - Zachary Sanford wins face-off versus Jonny Brodzinski in neutral zone.
19:27 of 3rd period - Wrist shot by Valeri Nichushkin.
19:27 of 3rd period - Stopped by Justin Peters with a rebound.
19:29 of 3rd period - Slapshot by Jonny Brodzinski.
19:29 of 3rd period - Stopped by Justin Peters without a rebound.
19:30 of 3rd period - Robby Fabbri wins face-off versus Chandler Stephenson in Senators zone.
19:33 of 3rd period - Slapshot by Joonas Donskoi.
19:33 of 3rd period - Stopped by Justin Peters without a rebound.
19:34 of 3rd period - Chandler Stephenson wins face-off versus Robby Fabbri in Senators zone.
19:34 of 3rd period - Chandler Stephenson is hit by Brandon Carlo.
Goals for this period are 1 for Mulligans vs 2 for Senators.
Shots for this period are 13 for Mulligans vs 5 for Senators.
Overtime #1
0:01 of 1st overtime period - Anton Lander wins face-off versus Jonathan Ferland in neutral zone.
0:03 of 1st overtime period - Minor Penalty to Ben Hutton for Hooking.
0:04 of 1st overtime period - Anton Lander wins face-off versus Jonathan Ferland in Mulligans zone.
0:12 of 1st overtime period - Snap shot by Nick Foligno.
0:12 of 1st overtime period - Goal by Nick Foligno - Mulligans : 4 - Senators : 5.
Goals for this period are 0 for Mulligans vs 1 for Senators.
Shots for this period are 0 for Mulligans vs 1 for Senators.